AoeStats
← [Legacy]Julio.01

Oasis

510181070Analyzed
3v3 RM · 2d ago on Sep 29, 2026· 27m 43s· 6 players
Game mode
Random Map
Map size
Normal (6 player)
Population
200
Speed
Normal
Resources
Standard
Victory
Conquest
Starting age
Dark Age
Ending age
Imperial Age
RankedLock teamsTeams togetherTeam positionsShared explorationLock speedFull tech treeHidden civsTurbo modeCheats
Victory
Defeat
🇨🇴 Magyars · Colombia
1396
+13
🇨🇴 Ethiopians · Colombia
1343
+15
🇨🇱 Vikings · Chile
1284
+17
🇪🇸 Chinese · Spain
1362
-17
🇨🇴 Celts · Colombia
1314
-15
🇦🇷 Turks · Argentina
1274
-13
Jota
5:14 Loom
11:59 Feudal Age
16:04 Forging
18:01 Scale Barding Armor
24:59 Castle Age
24:16 Double-Bit Axe
24:12 Horse Collar
24:23 Gold Mining
Newell's
6:46 Loom
9:42 Feudal Age
10:37 Double-Bit Axe
14:21 Fletching
14:51 Padded Archer Armor
24:37 Castle Age
24:21 Gold Mining
25:27 Bodkin Arrow
25:51 Bow Saw
26:51 Bloodlines
MPW_SCRaTCH
0:36 Loom
10:30 Feudal Age
11:04 Double-Bit Axe
11:06 Horse Collar
17:30 Scale Barding Armor
17:36 Forging
17:42 Town Watch
19:14 Bloodlines
21:29 Wheelbarrow
25:05 Castle Age
24:18 Gold Mining
26:21 Iron Casting
26:06 Chain Barding Armor
25:49 Husbandry
25:35 Light Cavalry
Solopetrosky
6:03 Loom
9:18 Feudal Age
10:19 Double-Bit Axe
10:18 Horse Collar
17:30 Scale Barding Armor
20:04 Bloodlines
21:17 Wheelbarrow
25:10 Castle Age
23:56 Gold Mining
25:28 Light Cavalry
26:08 Husbandry
27:05 Chain Barding Armor
28:36 Gold Shaft Mining
[Legacy]Julio.01
7:29 Loom
9:43 Feudal Age
13:06 Fletching
15:57 Double-Bit Axe
18:49 Wheelbarrow
22:58 Castle Age
22:41 Gold Mining
23:03 Crossbowman
23:40 Bodkin Arrow
24:33 Bow Saw
26:09 Ballistics
25:55 Town Watch
Condorito
7:07 Loom
9:29 Feudal Age
12:10 Double-Bit Axe
12:50 Padded Archer Armor
14:11 Fletching
24:17 Castle Age
22:40 Horse Collar
24:01 Gold Mining
25:01 Bodkin Arrow
25:37 Leather Archer Armor
24:52 Crossbowman
Connection lost

Rejoining the realm…

Still unreachable

The connection could not be restored.

Session expired

The server has moved on; the page needs a fresh start.